 Dungeon Crawl Stone Soup version 0.29.1-1-gd02db6906a (webtiles) character file.

Game seed: 2446660823049143332

28 LastDream the Grave Robber (level 2, 0/19 HPs)
             Began as a Mummy Necromancer on Oct 12, 2022.
             Slain by a goblin
             ... wielding a +0 club
              (4 damage)
             ... on level 2 of the Dungeon.
             The game lasted 00:10:32 (1071 turns).

LastDream the Grave Robber (Mummy Necromancer)      Turns: 1071, Time: 00:10:33

Health: 0/19       AC:  2    Str: 11    XL:     2   Next: 96%
Magic:  3/6        EV: 12    Int: 14    God:
Gold:   43         SH:  0    Dex: 12    Spells: 6/7 levels left

rFire   x . .      SeeInvis .   b - +0 short sword
rCold   + . .      Faith    .   (no shield)
rNeg    + + +      Spirit   .   a - +0 robe
rPois   ∞          Reflect  .   (no helmet)
rElec   .          Harm     .   (no cloak)
rCorr   .          Rampage  .   (no gloves)
Will    .....                   (no boots)
Stlth   ++........              (no amulet)
HPRegen 0.06/turn               (no ring)
MPRegen 0.10/turn               (no ring)

@: no status effects
A: cold resistance 1, negative energy resistance 3, torment resistance 2, heat
vulnerability 1, no potions
a: no special abilities


You were on level 2 of the Dungeon.
You visited 1 branch of the dungeon, and saw 2 of its levels.

You collected 43 gold pieces.

Inventory:

Hand Weapons
 b - a +0 short sword (weapon)
 c - a +0 dagger
 h - a +0 dagger
Missiles
 d - 9 stones
 e - 3 boomerangs
Armour
 a - a +0 robe (worn)
Scrolls
 f - 2 scrolls of identify {unknown}
 g - a scroll of enchant armour {unknown}


   Skills:
 + Level 1.9 Dodging
 + Level 1.7 Stealth
 + Level 3.3 Spellcasting
 + Level 4.3 Necromancy


You had 6 spell levels left.
You knew the following spells:

 Your Spells              Type           Power      Damage    Failure   Level
a - Necrotise             Necr           56%        1d6       3%          1

Your spell library contained the following spells:

 Spells                   Type           Power      Damage    Failure   Level
 Vampiric Draining        Necr           14%        2d7       11%         3
 Animate Dead             Necr           14%        N/A       34%         4
 Agony                    Necr           14%        N/A       67%         5


Dungeon Overview and Level Annotations

Branches:
Dungeon (2/15)

Altars:


Innate Abilities, Weirdness & Mutations

You are immune to poison.
Your flesh is cold resistant. (rC+)
You are immune to negative energy. (rN+++)
You are immune to unholy pain and torment.
You are vulnerable to heat. (rF-)
You do not drink.


Message History

Casting: Necrotise (safe; 3% risk of failure)
Confirm with . or Enter, or press ? or * to list all spells.
Aiming: Necrotise (safe; 3% risk of failure)
Press: ? - help, Shift-Dir - straight line, f/p - adder
Aim: an adder (chance to affect: 78%)
The adder writhes in agony.
The adder bites you but does no damage.
Casting: Necrotise (safe; 3% risk of failure)
Confirm with . or Enter, or press ? or * to list all spells.
Aiming: Necrotise (safe; 3% risk of failure)
Press: ? - help, Shift-Dir - straight line, f/p - adder
Aim: an adder (lightly wounded, chance to affect: 78%)
The adder writhes in agony.
The adder barely misses you.
Casting: Necrotise (safe; 3% risk of failure)
Confirm with . or Enter, or press ? or * to list all spells.
Aiming: Necrotise (safe; 3% risk of failure)
Press: ? - help, Shift-Dir - straight line, f/p - adder
Aim: an adder (moderately wounded, chance to affect: 78%)
The adder writhes in agony.
The adder closely misses you. x2
Casting: Necrotise (safe; 3% risk of failure)
Confirm with . or Enter, or press ? or * to list all spells.
Aiming: Necrotise (safe; 3% risk of failure)
Press: ? - help, Shift-Dir - straight line, f/p - adder
Aim: an adder (almost dead, chance to affect: 78%)
The adder writhes in agony.
You kill the adder!
The dead are slithering!
You see here a +0 whip.
Your magical contamination has completely faded away.
A goblin comes into view. It is wielding a +0 club.
Your adder skeleton bites the goblin.
The goblin barely misses your adder skeleton.
Your adder skeleton barely misses the goblin.
The goblin barely misses your adder skeleton.
Your adder skeleton closely misses the goblin.
Your adder skeleton bites the goblin.
The goblin hits your adder skeleton with a +0 club.
Your adder skeleton closely misses the goblin.
Your adder skeleton crumbles into dust!
The goblin hits you with a +0 club.
You die...

#.####... #..#...
##.#.# ##...###
#.....<# #......###
#........# #....g.#.#
####.###.....@#.#
..............# .
########..###.......?
#...## #.....###
#...### .........
.....# ..###.###
..... ...# .# .#..
.### . ## .8 .


You could see a goblin.

Vanquished Creatures
  An adder (D:2)
  3 endoplasms (D:1)
  3 kobolds
  2 quokkas
  3 ball pythons (D:1)
  4 bats
  3 rats (D:1)
19 creatures vanquished.

Notes
Turn   | Place    | Note
-------+----------+-------------------------------------------
     0 | D:1      | LastDream the Mummy Necromancer began the quest for the
                  | Orb.
     0 | D:1      | Reached XP level 1. HP: 13/13 MP: 4/4
   191 | D:1      | Reached XP level 2. HP: 3/19 MP: 0/5
   727 | D:1      | Found a faded altar of an unknown god.
  1071 | D:2      | Slain by a goblin

Illustrated notes

Levels and vault maps discovered:
D:1:      eino_arrival_cavern_b, layout_loops_corners,
          shapermc_ecumenical_altar_mp_highgroup, minmay_misc_feat_cross
D:2:      layout_rooms, serial_corexii_hall, corexii_hall_statues_u,
          corexii_hall_statues_deadend, chequers_hall_statues_y,
          corexii_hall_statues_i

Skill      XL: |  1  2 |
---------------+-------+-----
Spellcasting   | 3 |  3.3
Dodging        | |  1.9
Stealth        | |  1.7
Necromancy     | |  4.3

Action                   || total
-------------------------++-------
Melee: Unarmed           ||    27
       Short sword       ||    35
 Cast: Necrotise         ||    24
  Use: Scroll            ||     1
 Stab: Sleeping          ||     2
Armor: Robe              ||    30
Dodge: Dodged            ||    89
